 Dungeon Crawl Stone Soup version 0.17.1-1-g73c8601 (webtiles) character file.

118 penguinsfan71 the Ducker (level 4, 0/35 HPs)
             Began as a Demigod Transmuter on Dec 18, 2015.
             Succumbed to a worker ant's poison
             ... on level 4 of the Dungeon.
             The game lasted 00:18:36 (2783 turns).

penguinsfan71 the Ducker (Demigod Transmuter)       Turns: 2783, Time: 00:18:36

Health: 0/35       AC:  2    Str: 15    XL:     4   Next: 45%
Magic:  6/10       EV: 22    Int: 17    God:
Gold:   64         SH:  0    Dex: 21    Spells: 3 memorised, 1 level left

rFire  . . .     SeeInvis .       - Unarmed
rCold  . . .     Clarity  .     (armour currently unavailable)
rNeg   . . .     SustAt   +     (shield currently unavailable)
rPois  x         Gourm    .     (helmet currently unavailable)
rElec  .         Spirit   .     (cloak currently unavailable)
rCorr  .         Warding  .     (gloves currently unavailable)
rMut   .         Stasis   .     (boots currently unavailable)
MR     .....                    (no amulet)
Stlth  ++........               (no ring)
                                (no ring)

@: lethally poisoned (0 -> -10), spider-form, very slightly contaminated, not
resistant to hostile enchantments, unstealthy
A: high mp 1, sustain attributes
a: End Transformation


You were on level 4 of the Dungeon.
You were not hungry.
You were a venomous arachnid creature.
You visited 1 branch of the dungeon, and saw 4 of its levels.

You collected 64 gold pieces.

Inventory:

Hand Weapons
 h - a +2 dagger of draining
 o - a +0 club
 u - a +0 dagger
 w - a cursed +0 blowgun
 y - a +0 trident (melded)
Missiles
 a - 12 arrows
 i - 57 poisoned needles (quivered)
 l - 20 sling bullets
 n - 21 stones
Armour
 b - a +0 robe
 e - a cursed +0 leather armour (melded)
 j - a +0 scale mail
 m - a +0 cloak
 t - a +0 ring mail
Jewellery
 x - an uncursed ring of flight {unknown}
 A - an uncursed ring of positive energy {unknown}
Scrolls
 k - 3 scrolls of remove curse {unknown}
 p - 3 scrolls of identify {unknown}
 s - a scroll of fog {unknown}
 z - a scroll of noise {unknown}
Potions
 d - 2 potions of haste {unknown}
 f - 2 potions of heal wounds {unknown}
 g - a potion of might {unknown}
 v - a potion of lignification {unknown}
 B - 2 potions of degeneration {unknown}
 C - 2 potions of poison {unknown}
Books
 c - a book of Changes

   Spells                             Type                      Level
   a - Beastly Appendage              Transmutation                1
   b - Sticks to Snakes               Transmutation                2
   c - Spider Form                    Transmutation/Poison         3
   d - Ice Form                       Ice/Transmutation            4
   e - Blade Hands                    Transmutation                5
Comestibles
 r - a meat ration


   Skills:
 + Level 1.3 Fighting
 + Level 0.6 Short Blades
 + Level 1.1 Armour
 + Level 3.1 Dodging
 + Level 0.2 Stealth
 + Level 2.9 Unarmed Combat
 + Level 2.2 Spellcasting
 + Level 2.0 Transmutations
 + Level 0.3 Poison Magic


You had one spell level left.
You knew the following spells:

 Your Spells              Type           Power        Failure   Level  Hunger
a - Beastly Appendage     Trmt           #.....       24%         1    #......
b - Sticks to Snakes      Trmt           #.........   32%         2    ###....
c - Spider Form           Trmt/Pois      #.........   61%         3    ###....


Dungeon Overview and Level Annotations

Branches:
Dungeon (4/15)
 Temple: D:4-7


Innate Abilities, Weirdness & Mutations

You have an increased reservoir of magic (+10% MP).
Your attributes are resistant to harm.


Message History

The worker ant is lightly wounded.
* * * LOW HITPOINT WARNING * * *
You feel sick. The worker ant misses you.
You hit the worker ant.
The worker ant is moderately wounded.
* * * LOW HITPOINT WARNING * * *
You feel sick. The worker ant misses you. The worker ant bites you.
* * * LOW HITPOINT WARNING * * *
* * * LOW HITPOINT WARNING * * *
You feel sick.
* * * LOW HITPOINT WARNING * * *
You feel sick.
The worker ant waves its antennae.
The worker ant barely misses you.
Casting: Spider Form
Confirm with . or Enter, or press ? or * to list all spells.
You turn into a venomous arachnid creature.
Your +0 trident melds into your body.
Your cursed +0 leather armour melds into your body.
You die...

#####.####...###... # #.#
##.####### ... .# ### #.# #.#
#... ... .# ..# #.# #.###.#
#.##.## #.# #.# #.....# #.....
#.# #.#########.# #.#.# #.#
#.#.........# #..# #.#
#.#######.#####..#######
................sa..$.........
....#.#.######################
...... #.#.### ..... ..<...
.......


You could see a worker ant.

Vanquished Creatures
  A worker ant (D:4)
  5 adders
  An ooze (D:1)
  4 worms
  A giant gecko (D:2)
  4 bats
  3 goblins
  5 hobgoblins
  4 jackals (D:1)
  A quokka (D:3)
  A giant cockroach (D:1)
  2 giant newts
  4 kobolds
  5 rats
41 creatures vanquished.

Notes
Turn   | Place    | Note
--------------------------------------------------------------
     0 | D:1      | penguinsfan71 the Demigod Transmuter began the quest for the Orb.
     0 | D:1      | Reached XP level 1. HP: 15/15 MP: 5/5
   149 | D:1      | Reached skill level 1 in Fighting
   724 | D:1      | Reached XP level 2. HP: 23/23 MP: 7/7
  1197 | D:2      | Reached XP level 3. HP: 15/28 MP: 8/8
  1212 | D:2      | Learned a level 2 spell: Sticks to Snakes
  1216 | D:2      | Learned a level 3 spell: Spider Form
  2210 | D:3      | Reached XP level 4. HP: 12/35 MP: 6/10
  2339 | D:3      | Reached skill level 3 in Dodging
  2771 | D:4      | Reached skill level 1 in Armour
  2781 | D:4      | HP: 1/35 [poisoned by a worker ant]
  2783 | D:4      | Succumbed to a worker ant's poison

Action                   |  1- 3 |  4- 6 || total
-------------------------+-------+-------++-------
Melee: Unarmed           |    26 |       ||    26
       Dagger            |    82 |       ||    82
       Trident           |     3 |    28 ||    31
 Cast: Beastly Appendage |     2 |       ||     2
       Spider Form       |     3 |     1 ||     4
  Use: Potion            |     1 |       ||     1
  Eat: Bread ration      |     1 |       ||     1
       Beef jerky        |       |     2 ||     2
